| TOP OF THE 1ST |
|
Southern Maryland Blue Crabs batting - Pitching for Chester Pirates : RHP Freddy Mulholland
|
|
Pitching: RHP Freddy Mulholland
|
|
|
Batting: RHB Eddie Morin
|
0-0: Called Strike 0-1: Ball 1-1: Foul Ball, location: 2F 1-2: Strikes out swinging
|
|
Batting: RHB Josh Ludwig
|
0-0: Ball 1-0: Called Strike 1-1: Called Strike 1-2: Ball 2-2: Strikes out swinging
|
|
Batting: LHB Stu Proulx
|
0-0: Called Strike 0-1: Ball 1-1: Ball 2-1: Ball 3-1: Base on Balls
|
|
Batting: RHB Imbart van Rens
|
0-0: Called Strike 0-1: Ball 1-1: Ball 2-1: Ball 3-1: Fly out, F9 (Flyball, 9S, EV 87.5 MPH)
|
| Top of the 1st over - 0 runs, 0 hits, 0 errors, 1 left on base; Southern Maryland 0 - Chester 0 |
| BOTTOM OF THE 1ST |
|
Chester Pirates batting - Pitching for Southern Maryland Blue Crabs : RHP Kyung-won Kim
|
|
Pitching: RHP Kyung-won Kim
|
|
|
Batting: RHB Edwardo Tanchez
|
0-0: Ball 1-0: Foul Ball, location: 2F 1-1: Ball 2-1: Ball 3-1: Base on Balls
|
|
Batting: RHB Rafael Galicia
|
0-0: Ball Edwardo Tanchez steals 2nd base 1-0: Called Strike 1-1: Ball 2-1: Foul Ball, location: 2F 2-2: Foul Ball, location: 2F 2-2: Ball 3-2: Base on Balls
|
|
Batting: RHB Zach Chmieleski
|
0-0: Called Strike 0-1: Called Strike 0-2: Strikes out swinging
|
|
Batting: SHB Mike Corley
|
0-0: Swinging Strike 0-1: Ball 1-1: Ball 2-1: Ball 3-1: Swinging Strike 3-2: Strikes out swinging
|
|
Batting: RHB Matt Rangel
|
0-0: Swinging Strike 0-1: Ball 1-1: Ball 2-1: Ball 3-1: Called Strike 3-2: Ground out 5-3 (Groundball, 56S, EV 82.5 MPH)
|
| Bottom of the 1st over - 0 runs, 0 hits, 0 errors, 2 left on base; Southern Maryland 0 - Chester 0 |
| TOP OF THE 2ND |
|
Southern Maryland Blue Crabs batting - Pitching for Chester Pirates : RHP Freddy Mulholland
|
|
Batting: RHB Josh Kurth
|
0-0: Fly out, F4 (Line Drive, 4, EV 61.2 MPH)
|
|
Batting: RHB Dou-wan Pan
|
0-0: Ball 1-0: Ball 2-0: SOLO HOME RUN (Flyball, 89XD, EV 111.2 MPH), Distance : 440 ft
|
|
Batting: SHB John Hiles
|
0-0: Ball 1-0: Ground out 4-3 (Groundball, 4, EV 88.1 MPH)
|
|
Batting: RHB John Lowe
|
0-0: Fly out, F7 (Flyball, 78M, EV 91.9 MPH)
|
| Top of the 2nd over - 1 run, 1 hit, 0 errors, 0 left on base; Southern Maryland 1 - Chester 0 |
| BOTTOM OF THE 2ND |
|
Chester Pirates batting - Pitching for Southern Maryland Blue Crabs : RHP Kyung-won Kim
|
|
Batting: RHB William Lindsey
|
0-0: Called Strike 0-1: DOUBLE (Line Drive, 8RXD, EV 98.8 MPH)
|
|
Batting: LHB Sean Driscoll
|
0-0: Foul Ball, location: 2F 0-1: Ball 1-1: Fly out, F8 (Flyball, 89D, EV 89.4 MPH)
|
|
Batting: SHB Thad Shearing
|
0-0: Ball 1-0: Ball 2-0: Called Strike 2-1: Ground out U3 (Groundball, 34S, EV 88.1 MPH) William Lindsey to third
|
|
Batting: RHB Freddy Mulholland
|
0-0: Called Strike 0-1: Ground out 6-3 (Groundball, 6, EV 108.8 MPH)
|
| Bottom of the 2nd over - 0 runs, 1 hit, 0 errors, 1 left on base; Southern Maryland 1 - Chester 0 |
| TOP OF THE 3RD |
|
Southern Maryland Blue Crabs batting - Pitching for Chester Pirates : RHP Freddy Mulholland
|
|
Batting: RHB Adam Cooper
|
0-0: Foul Ball, location: 2F 0-1: Called Strike 0-2: Ball 1-2: Strikes out swinging
|
|
Batting: RHB Eddie Morin
|
0-0: Called Strike 0-1: Ball 1-1: Ball 2-1: Ground out 5-3 (Groundball, 56, EV 100.0 MPH)
|
|
Batting: RHB Josh Ludwig
|
0-0: Ball 1-0: Ball 2-0: Ground out 4-3 (Groundball, 4, EV 81.9 MPH)
|
| Top of the 3rd over - 0 runs, 0 hits, 0 errors, 0 left on base; Southern Maryland 1 - Chester 0 |
| BOTTOM OF THE 3RD |
|
Chester Pirates batting - Pitching for Southern Maryland Blue Crabs : RHP Kyung-won Kim
|
|
Batting: RHB Edwardo Tanchez
|
0-0: Swinging Strike 0-1: Ball 1-1: Swinging Strike 1-2: Ball 2-2: Ball 3-2: Base on Balls
|
|
Batting: RHB Rafael Galicia
|
0-0: Ball 1-0: Swinging Strike 1-1: Swinging Strike 1-2: Ball 2-2: Ball 3-2: Fly out, F9 (Flyball, 9S, EV 95.0 MPH)
|
|
Batting: RHB Zach Chmieleski
|
0-0: Ball 1-0: Ball 2-0: Foul Ball, location: 2F 2-1: Foul Ball, location: 2F 2-2: Ball 3-2: Foul Ball, location: 2F 3-2: Base on Balls Edwardo Tanchez to second
|
|
Batting: SHB Mike Corley
|
0-0: Ball 1-0: Ball Edwardo Tanchez steals 3rd base 2-0: Called Strike 2-1: Ball 3-1: Foul Ball, location: 2F 3-2: Fly out, F8 (Line Drive, 8LM, EV 93.1 MPH) Runner from 3rd tags up, SCORES, no throw by CF
|
|
Batting: RHB Matt Rangel
|
0-0: Foul Ball, location: 2F 0-1: Ground out 4-3 (Groundball, 4, EV 92.5 MPH)
|
| Bottom of the 3rd over - 1 run, 0 hits, 0 errors, 1 left on base; Southern Maryland 1 - Chester 1 |
| TOP OF THE 4TH |
|
Southern Maryland Blue Crabs batting - Pitching for Chester Pirates : RHP Freddy Mulholland
|
|
Batting: LHB Stu Proulx
|
0-0: Called Strike 0-1: Ball 1-1: Ball 2-1: Fly out, F8 (Line Drive, 78D, EV 93.8 MPH)
|
|
Batting: RHB Imbart van Rens
|
0-0: Ground out 4-3 (Groundball, 4S, EV 85.0 MPH)
|
|
Batting: RHB Josh Kurth
|
0-0: Foul Ball, location: 2F 0-1: Swinging Strike 0-2: Ball 1-2: Ball 2-2: Ball 3-2: Foul Ball, location: 2F 3-2: Foul Ball, location: 2F 3-2: Strikes out swinging
|
| Top of the 4th over - 0 runs, 0 hits, 0 errors, 0 left on base; Southern Maryland 1 - Chester 1 |
| BOTTOM OF THE 4TH |
|
Chester Pirates batting - Pitching for Southern Maryland Blue Crabs : RHP Kyung-won Kim
|
|
Batting: RHB William Lindsey
|
0-0: Called Strike 0-1: SINGLE (Groundball, 56D, EV 109.4 MPH)
|
|
Batting: LHB Sean Driscoll
|
0-0: Called Strike 0-1: Swinging Strike 0-2: Ball 1-2: SINGLE (Line Drive, 6MD, EV 108.8 MPH) William Lindsey to second
|
|
Batting: SHB Thad Shearing
|
0-0: Called Strike 0-1: Ball 1-1: Ball 2-1: Ball 3-1: SINGLE (Groundball, 56D, EV 109.4 MPH) William Lindsey to third Sean Driscoll to second
|
|
Batting: RHB Freddy Mulholland
|
0-0: SINGLE (Groundball, 56, EV 96.9 MPH) William Lindsey scores Sean Driscoll to third Thad Shearing to second
|
|
Batting: RHB Edwardo Tanchez
|
0-0: Foul Ball, location: 2F 0-1: Foul Ball, location: 2F 0-2: Ball 1-2: Foul Ball, location: 2F 1-2: Ball 2-2: Fly out, F7 (Flyball, 78XD, EV 88.8 MPH) Runner from 3rd tags up, SCORES, no throw by LF
|
|
Batting: RHB Rafael Galicia
|
0-0: Ball 1-0: Foul Ball, location: 2F 1-1: Ball 2-1: Grounds into double play, 1-6-3 (Groundball, 13S, EV 66.2 MPH)
|
| Bottom of the 4th over - 2 runs, 4 hits, 0 errors, 1 left on base; Southern Maryland 1 - Chester 3 |
| TOP OF THE 5TH |
|
Southern Maryland Blue Crabs batting - Pitching for Chester Pirates : RHP Freddy Mulholland
|
|
Batting: RHB Dou-wan Pan
|
0-0: Swinging Strike 0-1: Ball 1-1: Foul Ball, location: 2F 1-2: SINGLE (Groundball, 6MS, EV 61.9 MPH) (infield hit)
|
|
Batting: SHB John Hiles
|
0-0: Called Strike 0-1: Foul Ball, location: 2F 0-2: Ball 1-2: Strikes out swinging
|
|
Batting: RHB John Lowe
|
0-0: Ball 1-0: Fly out, F7 (Flyball, 7S, EV 86.2 MPH)
|
|
Batting: RHB Adam Cooper
|
0-0: Ball 1-0: Ball 2-0: Called Strike 2-1: Fly out, F9 (Flyball, 9LM, EV 91.9 MPH)
|
| Top of the 5th over - 0 runs, 1 hit, 0 errors, 1 left on base; Southern Maryland 1 - Chester 3 |
| BOTTOM OF THE 5TH |
|
Chester Pirates batting - Pitching for Southern Maryland Blue Crabs : RHP Kyung-won Kim
|
|
Batting: RHB Zach Chmieleski
|
0-0: Swinging Strike 0-1: Ball 1-1: Ball 2-1: Foul Ball, location: 2F 2-2: Ball 3-2: Base on Balls
|
|
Batting: SHB Mike Corley
|
0-0: Ball 1-0: Called Strike 1-1: Fly out, F8 (Flyball, 78D, EV 91.9 MPH)
|
|
Batting: RHB Matt Rangel
|
0-0: Fly out, F7 (Flyball, 7LM, EV 93.1 MPH)
|
|
Batting: RHB William Lindsey
|
0-0: Ball 1-0: Ball 2-0: Foul Ball, location: 2F 2-1: Fly out, F8 (Flyball, 8LXD, EV 106.9 MPH)
|
| Bottom of the 5th over - 0 runs, 0 hits, 0 errors, 1 left on base; Southern Maryland 1 - Chester 3 |
| TOP OF THE 6TH |
|
Southern Maryland Blue Crabs batting - Pitching for Chester Pirates : RHP Freddy Mulholland
|
|
Batting: RHB Eddie Morin
|
0-0: Ball 1-0: Ball 2-0: Foul Ball, location: 2F 2-1: Foul Ball, location: 2F 2-2: Foul Ball, location: 2F 2-2: Ball 3-2: Ground out U3 (Groundball, 3, EV 107.5 MPH)
|
|
Batting: RHB Josh Ludwig
|
0-0: Ball 1-0: Ball 2-0: Foul Ball, location: 2F 2-1: Called Strike 2-2: Ball 3-2: Foul Ball, location: 2F 3-2: SINGLE (Groundball, 56S, EV 70.6 MPH) (infield hit)
|
|
Pitching: RHP Colin Walker
|
|
|
Batting: LHB Stu Proulx
|
0-0: Called Strike 0-1: Foul Ball, location: 2F 0-2: Ball 1-2: Fielders Choice at 2nd, 4-6 (Groundball, 4, EV 81.2 MPH)
|
|
Batting: RHB Imbart van Rens
|
0-0: Ball 1-0: Swinging Strike 1-1: Called Strike 1-2: Ball 2-2: Fly out, F9 (Flyball, 9S, EV 91.9 MPH)
|
| Top of the 6th over - 0 runs, 1 hit, 0 errors, 1 left on base; Southern Maryland 1 - Chester 3 |
| BOTTOM OF THE 6TH |
|
Chester Pirates batting - Pitching for Southern Maryland Blue Crabs : RHP Kyung-won Kim
|
|
Pitching: RHP David Perez
|
|
|
Now in CF: Oscar Chapa
|
|
|
Batting: LHB Sean Driscoll
|
0-0: Foul Ball, location: 2F 0-1: Ball 1-1: DOUBLE (Line Drive, 9LD, EV 103.8 MPH)
|
|
Batting: SHB Thad Shearing
|
0-0: Ball 1-0: Foul Ball, location: 2F 1-1: Ball 2-1: Swinging Strike 2-2: Strikes out looking
|
|
Batting: RHB Freddy Mulholland
|
0-0: Ball 1-0: Ball 2-0: Called Strike 2-1: Foul Ball, location: 2F 2-2: Foul Ball, location: 2F 2-2: Foul Ball, location: 2F 2-2: Strikes out swinging
|
|
Batting: RHB Edwardo Tanchez
|
0-0: Ball 1-0: Ball 2-0: Ball 3-0: Base on Balls
|
|
Batting: RHB Rafael Galicia
|
0-0: Ball 1-0: Swinging Strike 1-1: Foul Ball, location: 2F 1-2: Ball 2-2: Ball 3-2: Strikes out swinging
|
| Bottom of the 6th over - 0 runs, 1 hit, 0 errors, 2 left on base; Southern Maryland 1 - Chester 3 |
| TOP OF THE 7TH |
|
Southern Maryland Blue Crabs batting - Pitching for Chester Pirates : RHP Colin Walker
|
|
Batting: RHB Josh Kurth
|
0-0: Ball 1-0: Called Strike 1-1: Swinging Strike 1-2: Strikes out swinging
|
|
Batting: RHB Dou-wan Pan
|
0-0: Ball 1-0: Ball 2-0: Called Strike 2-1: Ground out 6-3 (Groundball, 6, EV 94.4 MPH)
|
|
Batting: SHB John Hiles
|
0-0: Foul Ball, location: 2F 0-1: Ball 1-1: Foul Ball, location: 2F 1-2: Fly out, F8 (Flyball, 8LXD, EV 98.8 MPH)
|
| Top of the 7th over - 0 runs, 0 hits, 0 errors, 0 left on base; Southern Maryland 1 - Chester 3 |
| BOTTOM OF THE 7TH |
|
Chester Pirates batting - Pitching for Southern Maryland Blue Crabs : RHP David Perez
|
|
Batting: RHB Zach Chmieleski
|
0-0: Called Strike 0-1: Foul Ball, location: 2F 0-2: Strikes out swinging
|
|
Batting: SHB Mike Corley
|
0-0: Called Strike 0-1: Swinging Strike 0-2: Ball 1-2: Foul Ball, location: 2F 1-2: Foul Ball, location: 2F 1-2: Ball 2-2: Ball 3-2: Fly out, F9 (Flyball, 9S, EV 91.2 MPH)
|
|
Batting: RHB Matt Rangel
|
0-0: Called Strike 0-1: Ground out 6-3 (Groundball, 6, EV 83.1 MPH)
|
| Bottom of the 7th over - 0 runs, 0 hits, 0 errors, 0 left on base; Southern Maryland 1 - Chester 3 |
| TOP OF THE 8TH |
|
Southern Maryland Blue Crabs batting - Pitching for Chester Pirates : RHP Colin Walker
|
|
Pinch Hitting: RHB Mike Trueblood
|
0-0: Ball 1-0: Ball 2-0: DOUBLE (Groundball, 5L, EV 105.0 MPH)
|
|
Pinch Hitting: RHB David Gomez
|
0-0: Called Strike 0-1: Ball 1-1: Ball 2-1: Called Strike 2-2: Strikes out swinging
|
|
Batting: RHB Eddie Morin
|
0-0: Swinging Strike 0-1: Called Strike 0-2: Strikes out swinging
|
|
Batting: RHB Oscar Chapa
|
0-0: Foul Ball, location: 2F 0-1: Ball 1-1: Ball 2-1: Ball 3-1: Foul Ball, location: 2F 3-2: Fly out, F8 (Flyball, 8RD, EV 95.0 MPH)
|
| Top of the 8th over - 0 runs, 1 hit, 0 errors, 1 left on base; Southern Maryland 1 - Chester 3 |
| TOP OF THE 9TH |
|
Southern Maryland Blue Crabs batting - Pitching for Chester Pirates : RHP Colin Walker
|
|
Pitching: RHP Dan Cauble
|
|
|
Batting: LHB Stu Proulx
|
0-0: Ball 1-0: Called Strike 1-1: Foul Ball, location: 2F 1-2: Foul Ball, location: 2F 1-2: Foul Ball, location: 2F 1-2: Fly out, F9 (Flyball, 89S, EV 95.0 MPH)
|
|
Batting: RHB Imbart van Rens
|
0-0: Called Strike 0-1: Ball 1-1: Foul Ball, location: 2F 1-2: Ball 2-2: Foul Ball, location: 2F 2-2: Fly out, F9 (Flyball, 89S, EV 86.9 MPH)
|
|
Batting: RHB Josh Kurth
|
0-0: Called Strike 0-1: SINGLE (Flyball, 56D, EV 93.1 MPH)
|
|
Batting: RHB Dou-wan Pan
|
0-0: Called Strike 0-1: Ball 1-1: Called Strike 1-2: Ball 2-2: Foul Ball, location: 2F 2-2: Foul Ball, location: 2F 2-2: Strikes out swinging
|
| Top of the 9th over - 0 runs, 1 hit, 0 errors, 1 left on base; Southern Maryland 1 - Chester 3 |
|